 Dungeon Crawl Stone Soup version 0.27-a0-1060-gcb85b5eba1 (webtiles) character file.

Game seed: 14428970814386722654

7179 kae the Transmogrifier (level 10, -7/105 HPs)
             Began as a Grey Draconian Transmuter on Apr 21, 2021.
             Was a Follower of Ru.
             Mangled by an orc warrior
             ... wielding a +0 glaive
              (19 damage)
             ... on level 9 of the Dungeon.
             The game lasted 00:10:28 (12009 turns).

kae the Transmogrifier (Grey Draconian Transmuter) Turns: 12009, Time: 00:10:28

Health: -7/105     AC:  8    Str: 13 (15) XL:     10   Next: 86%
Magic:  0/16       EV:  9    Int: 16 (18) God:    Ru [*.....]
Gold:   270        SH:  0    Dex: 12      Spells: 4/17 levels left

rFire    . . .     SeeInvis .     - Unarmed
rCold    . . .     Faith    .   (shield currently unavailable)
rNeg     . . .     Spirit   +   (armour unavailable)
rPois    +         Reflect  .   (helmet currently unavailable)
rElec    .         Harm     .   (cloak currently unavailable)
rCorr    .         Rampage  .   (gloves currently unavailable)
Will     .....                  (boots currently unavailable)
Stlth    +.........             d - amulet of guardian spirit
HPRegen  0.27/turn              (no ring)
MPRegen  0.15/turn              (no ring)

@: hydra-form, studying Axes
A: fast swimmer, devour, amphibious, boosted hp, AC +12, very large, unfitting
armour, (unbreathing 2), (cold-blooded), no fire magic, no hexes magic, no
translocations magic, (hooves 1), clever 2
a: End Transformation, Renounce Religion


You were on level 9 of the Dungeon.
You worshipped Ru.
Ru was aware of your devotion.
You were a four-headed hydra.
You visited 2 branches of the dungeon, and saw 10 of its levels.

You collected 270 gold pieces.

Inventory:

Hand Weapons
 a - a +0 short sword (melded)
 p - a +2 whip of venom
Missiles
 b - 2 boomerangs of dispersal
 k - a throwing net
 z - a curare-tipped dart
Jewellery
 d - an amulet of guardian spirit (around neck)
 r - an amulet of regeneration
 s - an amulet of the acrobat
Wands
 g - a wand of charming (10)
 m - a wand of acid (8)
 o - a wand of iceblast (9)
 v - a wand of polymorph (8)
Scrolls
 f - 2 scrolls of amnesia
 i - 2 scrolls of teleportation
 n - 2 scrolls of identify
 w - 2 scrolls of brand weapon
 x - a scroll of blinking {unknown}
 y - 4 scrolls of fog
Potions
 c - 4 potions of curing
 e - 4 potions of brilliance
 h - 2 potions of attraction
 j - 3 potions of lignification
 l - 2 potions of mutation
 q - a potion of haste
 t - a potion of cancellation
 A - a potion of magic {unknown}


   Skills:
 + Level 5.2 Fighting
 + Level 4.6 Dodging
 * Level 7.5 Unarmed Combat
 - Level 4.4 Spellcasting
 + Level 12.9 Transmutations
 - Level 4.0 Ice Magic
 - Level 2.0 Poison Magic
 + Level 1.7 Evocations


You had 4 spell levels left.
You knew the following spells:

 Your Spells              Type           Power      Damage    Failure   Level
a - Beastly Appendage     Tmut           88%        N/A       1%          1
b - Spider Form           Tmut/Pois      13%        N/A       2%          3
c - Ice Form              Ice/Tmut       30%        N/A       4%          4
d - Hydra Form            Tmut           22%        N/A       2%          5

Your spell library contained the following spells:

 Spells                   Type           Power      Damage    Failure   Level
 Sting                    Tmut/Pois      100%       1d8       1%          1
 Wereblood                Tmut           44%        N/A       1%          2
 Magic Dart               Conj           12%        1d3       16%         1
 Poisonous Vapours        Pois/Air       12%        N/A       16%         2
 Searing Ray              Conj           6%         3d3       24%         2
 Mephitic Cloud           Conj/Pois/Air  5%         N/A       36%         3
 Olgreb's Toxic Radiance  Pois           9%         N/A       56%         4
 Ignite Poison            Fire/Tmut/Pois Unusable   N/A       N/A         3
 Dazzling Flash           Conj/Hex       Unusable   N/A       N/A         3
 Fulminant Prism          Conj/Hex       Unusable   3d6       N/A         4
 Iskenderun's Mystic Bla  Conj/Tloc      Unusable   2d3       N/A         4

Dungeon Overview and Level Annotations

Branches:
Dungeon (9/15)             Temple (1/1) D:7             Orc (0/2) D:9
   Lair: D:8-11

Altars:
Ashenzari
Cheibriados
Dithmenos
Elyvilon
Fedhas
Gozag
Hepliaklqana
Kikubaaqudgha
Makhleb
Nemelex Xobeh
Okawaru
Ru
Trog
Uskayaw
Vehumet
Wu Jian
Xom
Yredelemnul
Zin
The Shining One
Lugonu

Portals:
Abyss: D:5

Annotations:
D:6 3 runed translucent doors, Lanoc's ghost, novice DjGl


Innate Abilities, Weirdness & Mutations

You are a four-headed hydra.
You swim very quickly.
You can devour living enemies to heal.
You are amphibious.
Your maximum health is greatly increased.
Your armour is entirely melded.
You are incapable of wielding weapons or throwing items.
((Your dull iron-grey scales are very hard. (AC +12)))
You cannot fit into any form of body armour.
((You can survive without breathing, even under water.))
((You are cold-blooded and may be slowed by cold attacks.))
You cannot study or cast Fire magic.
You cannot study or cast Hexes magic.
You cannot study or cast Translocations magic.
((You have large cloven feet.))
Your mind is very acute. (Int +4)


Message History

The orc warrior is moderately wounded.
The orc warrior hits you with a +0 glaive!!
* * * LOW HITPOINT WARNING * * *
You feel much better.
The orc warrior hits you with a +0 glaive!
* * * LOW HITPOINT WARNING * * *
You completely miss the orc warrior.
The orc warrior is moderately wounded.
The orc warrior splashes around in the water.
You barely miss the orc warrior.
The orc warrior is moderately wounded.
The orc warrior barely misses you.
You nip at the orc warrior.
The orc warrior is moderately wounded.
The orc warrior splashes around in the water.
You barely miss the orc warrior.
The orc warrior is moderately wounded.
The orc warrior barely misses you.
You nip at the orc warrior but do no damage.
The orc warrior is moderately wounded.
The orc warrior barely misses you.
You nip at the orc warrior but do no damage.
The orc warrior is moderately wounded.
You nip at the orc warrior but do no damage.
The orc warrior is moderately wounded.
The orc warrior closely misses you.
You bite the orc warrior!
The orc warrior is almost dead.
The orc warrior hits you with a +0 glaive!
* * * LOW HITPOINT WARNING * * *
You nip at the orc warrior but do no damage.
The orc warrior is almost dead.
The orc warrior closely misses you.
You nip at the orc warrior but do no damage.
The orc warrior is almost dead.
The orc warrior splashes around in the water.
You barely miss the orc warrior.
The orc warrior is almost dead.
The orc warrior hits you with a +0 glaive!!
You die...

######....#..........
.......................
.......................
...........#######....
.................#....
######..##..........#....
..............#.....#....
#.........)..##.....#....
#.......Do≈..# .....# ..
#......)≈..≈.# ....#
≈...≈≈..≈..≈≈≈# .....
≈..≈..≈..≈..≈≈≈#
≈..≈..≈⌠.≈...≈≈#
≈...≈.⌠≈..≈..≈≈#
≈≈..≈..≈..≈..≈≈#
≈≈≈..≈..≈≈...≈##
#.≈..≈.......##


You could see an orc warrior.

Vanquished Creatures
  Pikel (D:3)
  A hornet (D:5)
  A wyvern (D:9)
  A steam dragon (D:8)
  A water moccasin (D:6)
  Edmund (D:6)
  An acid dragon (D:8)
  A black bear (D:6)
  An orc warrior (D:8)
  3 ogres
  A necrophage (D:5)
  4 centaurs
  A phantom (D:7)
  2 kobold brigands
  A bullfrog (D:7)
  3 scorpions
  A water moccasin skeleton (D:2)
  19 killer bees
  2 howler monkeys
  A bullfrog zombie (D:5)
  2 centaur zombies (D:7)
  A gnoll shaman (D:5)
  5 orc priests
  2 hounds (D:5)
  3 jellies (D:4)
  2 bullfrog skeletons
  2 iguanas
  5 orc wizards
  A killer bee zombie (D:4)
  2 howler monkey zombies
  18 gnolls
  14 adders
  2 shadow imps
  2 white imps (D:7)
  2 ufetubi (D:6)
  2 dart slugs
  18 orcs
  5 bats
  8 endoplasms
  A giant cockroach (D:1)
  7 goblins
  8 hobgoblins
  8 jackals
  13 kobolds
  A quokka (D:5)
  9 ball pythons
  3 frilled lizards
  5 rats
198 creatures vanquished.

Vanquished Creatures (others)
  A sky beast (D:8)
  2 lurking horrors (D:5)
3 creatures vanquished.

Grand Total: 201 creatures vanquished

Notes
Turn   | Place    | Note
-------+----------+-------------------------------------------
     0 | D:1      | kae the Draconian Transmuter began the quest for the Orb.
     0 | D:1      | Reached XP level 1. HP: 16/16 MP: 3/3
   378 | D:1      | Found a faded altar of an unknown god.
   392 | D:1      | Reached XP level 2. HP: 23/23 MP: 3/5
  1019 | D:2      | Reached XP level 3. HP: 19/28 MP: 2/6
  1822 | D:2      | Reached skill level 3 in Transmutations
  1822 | D:2      | Reached XP level 4. HP: 26/36 MP: 4/7
  2022 | D:2      | Learned a level 3 spell: Spider Form
  2196 | D:2      | Learned a level 4 spell: Ice Form
  2400 | D:3      | Reached XP level 5. HP: 28/41 MP: 3/9
  3085 | D:3      | Reached skill level 1 in Ice Magic
  3748 | D:3      | Reached skill level 1 in Poison Magic
  4134 | D:4      | Reached XP level 6. HP: 37/49 MP: 6/10
  4304 | D:4      | Noticed Pikel
  4321 | D:3      | Killed Pikel
  4322 | D:3      | Reached skill level 4 in Transmutations
  4322 | D:3      | Your scales start taking on a dull iron-grey colour.
  4322 | D:3      | Reached XP level 7. HP: 19/57 MP: 3/11
  4322 | D:3      | Gained mutation: You can survive without breathing. [Grey
                  | Draconian growth]
  4322 | D:3      | Gained mutation: You can survive without breathing, even
                  | under water. [Grey Draconian growth]
  4693 | D:4      | Reached skill level 5 in Unarmed Combat
  5480 | D:4      | Reached skill level 5 in Transmutations
  5554 | D:5      | Entered Level 5 of the Dungeon
  5566 | D:5      | Reached XP level 8. HP: 63/63 MP: 9/13
  6430 | D:5      | Found a corrupted altar of Lugonu.
  6431 | D:5      | Found a one-way gate to the infinite horrors of the Abyss.
  6828 | D:5      | Noticed a hornet
  7538 | D:5      | Reached skill level 6 in Transmutations
  7687 | D:5      | Killed a hornet
  7688 | D:5      | Reached XP level 9. HP: 60/71 MP: 7/15
  8030 | D:6      | Learned a level 5 spell: Hydra Form
  8508 | D:6      | Noticed Edmund
  8516 | D:6      | Killed Edmund
  8574 | D:6      | Found a runed translucent gate.
  8574 | D:6      | Found a runed translucent gate.
  8575 | D:6      | Found a runed translucent gate.
  8577 | D:6      | Noticed Lanoc's ghost (novice DjGl)
  8910 | D:7      | Gained mutation: Your mind is acute. (Int +2) [potion of
                  | mutation]
  8910 | D:7      | Gained mutation: You have large cloven feet. [potion of
                  | mutation]
  8910 | D:7      | Gained mutation: Your mind is very acute. (Int +4) [potion
                  | of mutation]
  8916 | D:7      | Reached skill level 12 in Transmutations
  8916 | D:7      | Reached XP level 10. HP: 68/80 MP: 8/16
  9119 | D:7      | Found a staircase to the Ecumenical Temple.
  9150 | D:7      | Found a blossoming altar of Fedhas.
  9172 | Temple   | Entered the Ecumenical Temple
  9267 | Temple   | Became a worshipper of Ru the Awakened
  9406 | D:7      | Found a snail-covered altar of Cheibriados.
 10886 | D:8      | Reached skill level 5 in Fighting
 10886 | D:8      | Reached skill level 1 in Evocations
 11169 | D:8      | Gained mutation: You cannot study or cast Fire magic. [Ru
                  | sacrifice]
 11169 | D:8      | Gained mutation: You cannot study or cast Hexes magic. [Ru
                  | sacrifice]
 11169 | D:8      | Gained mutation: You cannot study or cast Translocations
                  | magic. [Ru sacrifice]
 11169 | D:8      | Reached * piety under Ru
 11890 | D:9      | Found a staircase to the Orcish Mines.
 11986 | D:9      | HP: 5/105 [orc warrior/+0 glaive (6)]
 11997 | D:9      | HP: 5/105 [orc warrior/+0 glaive (18)]
 12009 | D:9      | Mangled by an orc warrior

Illustrated notes

Levels and vault maps discovered:
D:1:      evilmike_arrival_home_sweet_home, layout_rooms,
          shapermc_ecumenical_altar_mp_vishouse
D:2:      layout_loops_cross, minmay_box_of_dots
D:3:      layout_rooms
D:4:      layout_cave_pools, minmay_snake_closets, uniq_pikel
D:5:      layout_gridville, amcnicky_altar_lugonu_corruption
D:6:      layout_cave_pools, gammafunk_ghost_necromancy, uniq_edmund
D:7:      layout_loops_ring, lemuel_round_altar, nicolae_overflow_crystal_walls,
          minmay_temple_entry_trees, grunt_decor_cap
D:8:      layout_rooms, abandoned_shop, chequers_serial_rivers_large_a
D:9:      cheibrodos_helix_gallery, layout_grid_maze,
          gammafunk_temple_overflow_elements, orc_0_dummy
Temple:   regret_index_temple_mists

Skill      XL: |  1  2  3  4  5  6  7  8  9 10 |
---------------+-------------------------------+-----
Dodging        | 2 3 4 |  4.6
Transmutations | 3 4 5 6 12 | 12.9
Fighting       | 2 3 4 5 |  5.2
Unarmed Combat | 4 5 6 7 |  7.5
Ice Magic      | 1 2 3 4 |  4.0
Poison Magic   | 1 2 |  2.0
Spellcasting   | 3 4 |  4.4
Evocations     | 1 |  1.7

Action                   |  1- 3 |  4- 6 |  7- 9 | 10-12 || total
-------------------------+-------+-------+-------+-------++-------
Melee: Unarmed           |    10 |    44 |   182 |   168 ||   404
       Short sword       |   101 |    99 |       |     3 ||   203
       Headbutt          |    10 |     8 |       |       ||    18
       Kick              |    19 |    15 |       |       ||    34
       Punch             |     3 |       |     4 |       ||     7
       Tailslap          |     8 |     8 |     7 |       ||    23
       Whip              |       |       |    68 |       ||    68
 Cast: Beastly Appendage |    21 |    16 |     1 |       ||    38
       Spider Form       |       |     7 |    22 |       ||    29
       Ice Form          |       |       |    10 |       ||    10
       Hydra Form        |       |       |       |    20 ||    20
Invok: Sacrifice Arcana  |       |       |       |     1 ||     1
  Use: Scroll            |     4 |     2 |     9 |     3 ||    18
       Potion            |       |       |     7 |     3 ||    10
 Stab: Sleeping          |       |     1 |     1 |       ||     2
       Distracted        |       |       |     1 |       ||     1
Armor: Skin              |    39 |    31 |    56 |    69 ||   195
Dodge: Dodged            |    94 |   133 |   204 |    95 ||   526

Table legend: (Time is in decaauts)
 A = Elapsed time spent in this place.
 B = Non-inter-level travel time spent in this place.
 C = Inter-level travel time spent in this place.
 D = Time resting spent in this place.
 E = Time spent auto-exploring this place.
 F = Levels seen in this place.
 G = Mean time per level.
                   A        B        C        D        E       F      G
               +--------+--------+--------+--------+--------+-----+--------+
         Total |  11997 |  11694 |    303 |   1174 |   8940 |  10 | 1199.7 |
       Dungeon |  11886 |  11605 |    281 |   1174 |   8854 |   9 | 1320.7 |
        Temple |    110 |     88 |     22 |      0 |     86 |   1 |  110.0 |
               +--------+--------+--------+--------+--------+-----+--------+

Top non-repeatable levels by time:
     D:2: 2390 daAuts
     D:5: 2191 daAuts
     D:8: 1485 daAuts
     D:4: 1400 daAuts
     D:3: 1177 daAuts
     D:7: 1128 daAuts
     D:1: 827 daAuts
     D:6: 770 daAuts
     D:9: 515 daAuts
  Temple: 110 daAuts
